 Dungeon Crawl Stone Soup version 0.31.0-4-g52a2dc7128 (webtiles) character file.

Game seed: 17149024562607403982

91283 croobank the Lord of Darkness (level 15, -5/120 HPs)
             Began as a Felid Summoner on Jan 22, 2024.
             Was the Champion of Kikubaaqudgha.
             Slain by a redback (6 damage)
             ... led by a torpor snail
             ... on level 1 of the Spider Nest on Jan 23, 2024.
             The game lasted 02:20:55 (34036 turns).

croobank the Lord of Darkness (Felid Summoner)     Turns: 34036, Time: 02:20:55

Health: -5/120     AC: 27    Str:  5    XL:     15   Next: 54%
Magic:  1/32       EV:  4    Int: 27    God:    Kikubaaqudgha [******]
Gold:   1461       SH:  0    Dex: 16    Spells: 10/38 levels left
                                        Lives:  0   Deaths: 5

rFire   + . .        (weapon unavailable)
rCold   + + .        (shield unavailable)
rNeg    + . .        (body armour unavailable)
rPois   +            (helmet unavailable)
rElec   .            (cloak unavailable)
rCorr   .            (gloves unavailable)
SInv    +            (boots unavailable)
Will    ++...        y - amulet of magic regeneration
Stlth   ++++         r - ring "Mips" {rPois rC+++ rN+ Int+4 Dex-5}
HPRegen 0.40/turn    c - ring of fire
MPRegen 0.63/turn

%: no passive effects
@: tree-form, animating dead
A: stationary, stasis, torment immunity, boosted hp, very small, (claws 1),
(fangs 3), see invisible, (shaggy fur 3), (stealthy paws), no weapons or thrown
items, no armour, multi-lived, (iridescent scales 1), agile 1, inability to read
after injury 1
a: Renounce Religion, Unearth Wretches, Torment


You were on level 1 of the Spider Nest.
You worshipped Kikubaaqudgha.
Kikubaaqudgha was exalted by your worship.
You were a tree.
You visited 5 branches of the dungeon, and saw 24 of its levels.

You collected 2040 gold pieces.
You spent 579 gold pieces at shops.

Inventory:

Jewellery
 c - a ring of fire (right branch)
 d - a +5 ring of evasion
 o - an amulet of the acrobat
 r - the ring "Mips" (left branch) {rPois rC+++ rN+ Int+4 Dex-5}
   (You found it on level 7 of the Dungeon)

   [ring of positive energy]

   Int+4:     It affects your intelligence (+4).
   Dex-5:     It affects your dexterity (-5).
   rC+++:     It renders you almost immune to cold.
   rPois:     It protects you from poison rN+: It protects you from negative
   energy.
 t - a ring of flight
 y - an amulet of magic regeneration (around neck)
 z - a ring of wizardry
 G - a +6 ring of intelligence
 H - a ring of resist corrosion
Talismans
 m - a granite talisman
Wands
 g - a wand of paralysis (11)
 k - a wand of digging (1)
 B - a wand of quicksilver (4)
 C - a wand of mindburst (8)
 D - a wand of polymorph (4)
 E - a wand of flame (31)
 F - a wand of iceblast (5)
Scrolls
 e - 4 scrolls of vulnerability
 p - 4 scrolls of identify
 q - 2 scrolls of fog
 u - 2 scrolls of teleportation
 x - 2 scrolls of silence
 A - 2 scrolls of revelation
Potions
 a - 5 potions of enlightenment
 b - a potion of might
 f - 4 potions of lignification
 h - 12 potions of curing
 i - 2 potions of brilliance
 j - 3 potions of attraction
 l - 3 potions of cancellation
 n - a potion of berserk rage
 s - 2 potions of resistance
 v - 6 potions of mutation
 w - a potion of ambrosia


   Skills:
 - Level 10.0 Fighting
 - Level 10.0 Dodging
 - Level 10.0 Stealth
 + Level 12.2 Spellcasting
 - Level 12.0 Summonings
 + Level 15.4 Necromancy
 - Level 5.0 Fire Magic
 - Level 7.0 Air Magic


You had 10 spell levels left.
You knew the following spells:

 Your Spells              Type           Power      Damage    Failure   Level
b - Call Imp              Summ           100%       N/A       1%          2
c - Call Canine Familiar  Summ           69%        N/A       1%          3
d - Summon Blazeheart Go  Fire/Summ      76%        N/A       1%          4
e - Summon Lightning Spi  Summ/Air       61%        N/A       1%          4
A - Animate Dead          Necr           79%        N/A       1%          4
H - Haunt                 Necr/Summ      37%        N/A       11%         7
N - Anguish               Hex/Necr       27%        N/A       1%          4

Your spell library contained the following spells:

 Spells                   Type           Power      Damage    Failure   Level
 Necrotise                Necr           100%       1d9       0%          1
 Foxfire                  Conj/Fire      100%       2x1d9     1%          1
 Summon Small Mammal      Summ           100%       N/A       1%          1
 Cigotuvi's Dreadful Rot  Necr/Alch/Air  100%       N/A       1%          2
 Fugue of the Fallen      Necr           79%        N/A       1%          3
 Summon Ice Beast         Ice/Summ       48%        N/A       1%          3
 Vampiric Draining        Necr           79%        2d11      1%          3
 Dispel Undead            Necr           79%        3d26      1%          4
 Martyr's Knell           Necr/Summ      74%        N/A       1%          4
 Curse of Agony           Necr           79%        N/A       1%          5
 Volatile Blastmotes      Fire/Tloc      88%        2d17      3%          3
 Borgnjor's Vile Clutch   Necr/Erth      27%        N/A       4%          5
 Lesser Beckoning         Tloc           32%        N/A       5%          2
 Vhi's Electric Charge    Tloc/Air       70%        N/A       9%          4
 Gell's Gravitas          Tloc           16%        N/A       11%         3
 Hailstorm                Conj/Ice       16%        3d6       11%         3
 Ozocubu's Armour         Ice            16%        N/A       11%         3
 Teleport Other           Tloc           16%        N/A       11%         3
 Tukima's Dance           Hex            16%        N/A       11%         3
 Arcjolt                  Conj/Air       17%        1d27      22%         5
 Fulminant Prism          Conj/Alch      8%         3d7       34%         4
 Iskenderun's Mystic Bla  Conj/Tloc      16%        2d5       34%         4
 Manifold Assault         Tloc           16%        N/A       34%         4
 Borgnjor's Revivificati  Necr           39%        N/A       36%         8
 Infestation              Necr           39%        N/A       36%         8
 Plasma Beam              Fire/Air       32%        2x1d45    41%         6
 Alistair's Intoxication  Alch           10%        N/A       67%         5
 Starburst                Conj/Fire      22%        6d7       88%         6
 Eringya's Noxious Bog    Alch           8%         4d6       99%         6
 Sculpt Simulacrum        Ice/Alch       8%         N/A       99%         6
 Death's Door             Necr           39%        N/A       99%         9
 Maxwell's Capacitive Co  Air            26%        ∞         100%        8
 Dimensional Bullseye     Hex/Tloc       Unusable   N/A       N/A         4

Dungeon Overview and Level Annotations

Branches:
Dungeon (15/15)            Temple (1/1) D:5            Lair (5/5) D:11
 Shoals (0/4) Lair:3       Spider (1/4) Lair:2        Slime (0/5) Lair:4
    Orc (2/2) D:12            Elf (0/3) Orc:2        Vaults (0/5) D:14
 Depths (0/4) D:15

Altars:
Ashenzari
Cheibriados
Dithmenos
Elyvilon
Fedhas
Gozag
Hepliaklqana
Kikubaaqudgha
Makhleb
Nemelex Xobeh
Okawaru
Qazlal
Ru
Sif Muna
Trog
Uskayaw
Vehumet
Wu Jian
Xom
Yredelemnul
Zin
The Shining One

Shops:
D:4 (   Orc:2 =*[:

Portals:
Trove: D:14 (give 9 potions of haste)

Annotations:
D:2 !Sigmund roaming, Sigmund
D:3 exclusion: upstairs
D:5 1 runed translucent door, Crazy Yiuf
Lair:1 exclusion: oklob plant


Innate Abilities, Weirdness & Mutations

You are a tree.
Your roots penetrate the ground, keeping you stationary.
You cannot be teleported.
You are immune to unholy pain and torment.
Your maximum health is greatly increased.
((You have sharp claws.))
((You have razor-sharp teeth.))
You have supernaturally acute eyesight. (SInv)
((Your thick and shaggy fur keeps you warm. (AC +3, rC+)))
((Your paws help you pounce on unaware monsters.))
You are incapable of wielding weapons or throwing items.
You cannot wear armour.
You gain extra lives every three experience levels.
((You are partially covered in iridescent scales. (AC +2)))
You are agile. (Dex +4, Str/Int -1)
You occasionally lose the ability to read scrolls when taking damage.


Message History

Your torpor snail zombie is destroyed!
The redback bites your ghost moth zombie.
Your emperor scorpion zombie barely misses the tarantella.
Your emperor scorpion zombie misses the tarantella.
Your emperor scorpion zombie claws the tarantella!
The culicivora closely misses you.
Your culicivora zombie barely misses the orb spider.
The ghost moth stares at you.
You feel your power leaking away.
Your ghost moth zombie hits the torpor snail but does no damage.
Your ghost moth zombie completely misses the torpor snail.
Your ghost moth zombie hits the torpor snail but does no damage.
Your spark wasp zombie barely misses the emperor scorpion.
The wolf spider hits your culicivora zombie!
The wolf spider bites your culicivora zombie.
The wolf spider completely misses you. The wolf spider barely misses you.
The redback completely misses you.
Okay, then.
Okay, then.
Okay, then.
Aiming: Paralyse
Press: ? - help, Shift-Dir - straight line, f - ghost moth
Aim: a ghost moth (slightly transparent, chance to affect: 1%)
Okay, then.
Unknown command.
Okay, then.
Okay, then.
You turn into a tree.
Your roots penetrate the ground.
You feel yourself speed up.
The wolf spider hits your spark wasp zombie!!
The wolf spider bites your spark wasp zombie!
The wolf spider hits your culicivora zombie!!
Your culicivora zombie is destroyed!
The wolf spider hits you.
* * * LOW HITPOINT WARNING * * *
The wolf spider bites you!
* * * LOW HITPOINT WARNING * * *
The redback bites you.
You die...
Kikubaaqudgha rasps: "You have failed me!
Welcome... death!"

............#
.............
............
...........# .
.......:...# ..
...........# ...
.......s.^.# ....
.......s♣ZZ##.....
......wsssy.s..##.
.....sZ.ssyssZ....
.....#####s....##.
.... ####..... ##.
.... # ... .. .


You could see an emperor scorpion, a ghost moth (invisible), a torpor snail
(distracted, ally target), 5 wolf spiders, a moth of wrath, an orb spider (ally
target), a culicivora, a jumping spider (berserk, ally target), a tarantella, 2
redbacks, a friendly emperor scorpion zombie (slow), a friendly ghost moth
zombie (slow) and 2 friendly spark wasp zombies.

Vanquished Creatures
  A frost giant (D:15)
  A spark wasp (Spider:1)
  Josephine (Lair:4)
  2 vault guards (D:14)
  5 hydras
  An ogre mage (D:15)
  An ironbound frostheart (D:14)
  A centaur warrior (D:14)
  9 two-headed ogres
  A demonic crawler (D:15)
  4 death yaks
  3 boulder beetles
  A pharaoh ant (Lair:2)
  A skyshark (Lair:2)
  Amaemon (D:11)
  Pikel (D:5)
  A deep elf pyromancer (D:13)
  5 ugly things
  2 manticores
  2 cyclopes (D:14)
  An orc sorcerer (Orc:2)
  2 black mambas
  An elephant (Lair:5)
  An orange demon (D:11)
  2 torpor snails
  8 cane toads
  A gargoyle (D:7)
  2 unseen horrors
  2 freezing wraiths
  8 komodo dragons
  2 ice devils (D:11)
  2 trolls
  A polar bear (Lair:3)
  2 hornets
  3 blink frogs
  3 slime creatures (D:14)
  23 yaks
  A vampire (D:11)
  2 wraiths
  3 wyverns
  A steam dragon (D:7)
  2 basilisks
  2 vampire mosquitoes (D:13)
  2 swamp worms (D:15)
  3 water moccasins
  A nameless horror (D:7)
  An orc warrior (Orc:2)
  2 black bears
  A sky beast (D:7)
  5 ogres
  2 wolves
  A centaur (D:13)
  4 bullfrogs
  A scorpion (Orc:1)
  3 wights (D:6)
  2 electric eels (Lair:2)
  3 howler monkeys
  An orc priest (Orc:2)
  An iguana (D:7)
  3 orc wizards
  2 gnolls
  A river rat (Lair:5)
  A dart slug (D:3)
  7 orcs
  A goblin (D:2)
  A hobgoblin (D:3)
  5 kobolds
  A frilled lizard (D:3)
  A rat (D:2)
175 creatures vanquished.

Vanquished Creatures (collateral kills)
  2 fire dragons
  A hydra (Lair:5)
  An ogre mage (D:14)
  A catoblepas (Lair:2)
  2 death yaks (Lair:4)
  A boulder beetle (Lair:4)
  5 two-headed ogres
  A tengu warrior (D:15)
  An occultist (D:15)
  3 orc high priests (Orc:2)
  A demonic crawler (D:15)
  2 skysharks
  A harpy (Lair:3)
  2 deep elf pyromancers (D:15)
  3 orc sorcerers (Orc:2)
  An oklob plant (Lair:1)
  6 ugly things (D:15)
  4 black mambas
  2 elephants (Lair:5)
  A molten gargoyle (Lair:5)
  A gargoyle (D:10)
  A cane toad (Lair:1)
  2 efreet
  An unseen horror (D:8)
  4 rime drakes
  3 komodo dragons
  3 polar bears
  A hornet (D:9)
  10 blink frogs
  A raiju (shapeshifter) (D:14)
  A jumping spider (Lair:2)
  A slime creature (D:14)
  3 wraiths (Lair:4)
  2 vampires
  5 wyverns
  A warg (Orc:2)
  22 yaks
  A human (D:14)
  5 basilisks
  2 steam dragons
  A swamp worm (D:15)
  An acid dragon (D:10)
  12 water moccasins
  4 hell hounds (Lair:5)
  An ice beast (D:7)
  18 orc warriors
  A sky beast (D:6)
  2 black bears (Lair:2)
  4 boggarts (Lair:3)
  7 ogres
  5 wolves
  6 centaurs
  3 kobold brigands
  2 gnoll sergeants (D:11)
  15 bullfrogs
  3 scorpions
  A wight (D:6)
  3 howler monkeys
  3 lava snakes (Lair:5)
  A bombardier beetle (D:6)
  4 jellies
  2 gnoll boudas (D:9)
  25 orc priests
  2 sleepcaps
  4 iguanas
  33 orc wizards
  A hell rat (Lair:5)
  Robin (D:2)
  4 adders
  25 gnolls
  7 river rats (Lair:5)
  2 ufetubi (D:7)
  3 dart slugs (D:1)
  60 orcs
  6 ball pythons
  6 endoplasms
  11 goblins
  5 hobgoblins
  10 jackals
  5 bats
  3 frilled lizards
  15 kobolds
  4 rats
442 creatures vanquished.

Vanquished Creatures (others)
  An emperor scorpion (Spider:1)
  A ghost moth (Spider:1)
  A spark wasp (Spider:1)
  3 hydras
  2 two-headed ogres (D:15)
  2 boulder beetles
  A tengu warrior (D:15)
  A lindwurm (Lair:5)
  An orc sorcerer (Orc:2)
  A cyclops (D:14)
  2 molten gargoyles (Lair:5)
  A torpor snail (Spider:1)
  A komodo dragon (Lair:5)
  2 efreet
  2 jumping spider zombies (Spider:1)
  A culicivora zombie (Spider:1)
  A culicivora (Spider:1)
  2 jumping spiders (Spider:1)
  2 yaks (Lair:5)
  A wraith (Lair:4)
  A swamp worm (D:15)
  4 orc warriors
  3 centaurs (D:13)
  A torpor snail zombie (Spider:1)
  5 orc priests
  2 orc wizards (Orc:2)
  A hell rat (Lair:5)
  2 river rats (Lair:5)
  An orc (Orc:2)
  A rat (Lair:5)
  149 blazeheart cores
199 creatures vanquished.

Grand Total: 816 creatures vanquished

Notes
Turn   | Place    | Note
-------+----------+-------------------------------------------
     0 | D:1      | croobank the Felid Summoner began the quest for the Orb.
     0 | D:1      | Reached XP level 1. HP: 9/9 MP: 4/4
   404 | D:1      | Reached XP level 2. HP: 13/13 MP: 3/6
   592 | D:1      | Learned a level 2 spell: Call Imp
  1146 | D:2      | Reached XP level 3. HP: 16/16 MP: 3/7
  1200 | D:2      | Learned a level 3 spell: Call Canine Familiar
  1416 | D:2      | Noticed Robin
  1450 | D:2      | Slain by a goblin
  1450 | D:2      | Lost a life (0 lives remaining)
  1672 | D:2      | Killed Robin
  1676 | D:2      | Gained mutation: You are agile. (Dex +4, Str/Int -1)
                  | [potion of mutation]
  1676 | D:2      | Gained mutation: You occasionally lose the ability to read
                  | scrolls when taking damage. [potion of mutation]
  1676 | D:2      | Gained mutation: You expend magic power (3 MP) to
                  | strengthen your wands. [potion of mutation]
  1676 | D:2      | Gained mutation: You passively map a small area around you.
                  | [potion of mutation]
  1678 | D:2      | Reached XP level 4. HP: 21/21 MP: 1/8
  1678 | D:2      | Gained a life (1 life remaining)
  1794 | D:2      | Noticed Sigmund
  1849 | D:3      | Lost mutation: You expend magic power (3 MP) to strengthen
                  | your wands. [potion of mutation]
  1849 | D:3      | Lost mutation: You are agile. (Dex +4, Str/Int -1) [potion
                  | of mutation]
  1849 | D:3      | Lost mutation: You passively map a small area around you.
                  | [potion of mutation]
  1849 | D:3      | Gained mutation: You occasionally lose the ability to drink
                  | potions when taking damage. [potion of mutation]
  1849 | D:3      | Gained mutation: Your muscles are strong. (Str +4, Int/Dex
                  | -1) [potion of mutation]
  2234 | D:3      | Found a glowing golden altar of the Shining One.
  3087 | D:4      | Reached XP level 5. HP: 24/24 MP: 7/10
  3104 | D:4      | Killed from afar by an orc wizard
  3104 | D:4      | Lost a life (0 lives remaining)
  3270 | D:4      | Reached skill level 5 in Stealth
  3433 | D:4      | Found Guigal's Weapon Boutique.
  3989 | D:4      | Lost mutation: Your muscles are strong. (Str +4, Int/Dex
                  | -1) [potion of mutation]
  3989 | D:4      | Lost mutation: You occasionally lose the ability to drink
                  | potions when taking damage. [potion of mutation]
  3989 | D:4      | Gained mutation: You are partially covered in iridescent
                  | scales. (AC +2) [potion of mutation]
  3989 | D:4      | Gained mutation: You are agile. (Dex +4, Str/Int -1)
                  | [potion of mutation]
  4001 | D:5      | Entered Level 5 of the Dungeon
  4021 | D:5      | Noticed a lemure
  4028 | D:5      | Learned a level 4 spell: Summon Blazeheart Golem
  4029 | D:5      | Noticed a lemure
  4030 | D:5      | Noticed a lemure
  4031 | D:5      | Noticed a lemure
  4031 | D:5      | Noticed Pikel
  4068 | D:5      | Reached skill level 5 in Summonings
  4068 | D:5      | Gained mutation: You are covered in thick fur. (AC +2)
                  | [Felid growth]
  4068 | D:5      | Reached XP level 6. HP: 28/28 MP: 3/12
  4099 | D:5      | Reached skill level 1 in Fire Magic
  4099 | D:5      | Noticed a yak
  4343 | D:5      | Killed Pikel
  4344 | D:5      | Reached skill level 5 in Dodging
  4344 | D:5      | Reached XP level 7. HP: 32/32 MP: 6/14
  4344 | D:5      | Gained a life (1 life remaining)
  4468 | D:5      | Found a staircase to the Ecumenical Temple.
  4606 | Temple   | Entered the Ecumenical Temple
  4611 | Temple   | Became a worshipper of Kikubaaqudgha
  5368 | D:5      | Found a runed translucent door.
  5369 | D:5      | Noticed Crazy Yiuf
  5457 | D:5      | Noticed a yak
  5462 | D:5      | Noticed a yak
  5462 | D:5      | Noticed a yak
  5464 | D:5      | Noticed a yak
  5467 | D:5      | Killed by an exploding blazeheart core
  5467 | D:5      | Lost a life (0 lives remaining)
  5467 | D:5      | Killed a yak
  5468 | D:5      | Reached skill level 1 in Air Magic
  5468 | D:5      | Reached XP level 8. HP: 37/37 MP: 15/15
  5600 | D:5      | Learned a level 4 spell: Summon Lightning Spire
  5611 | D:5      | Reached skill level 1 in Fighting
  6972 | D:6      | Noticed a two-headed ogre
  6993 | D:6      | Killed a two-headed ogre
  6994 | D:6      | Reached XP level 9. HP: 42/43 MP: 1/17
  8084 | D:6      | Reached skill level 5 in Fire Magic
  8198 | D:7      | Reached * piety under Kikubaaqudgha
  8198 | D:7      | Received a gift from Kikubaaqudgha
  8199 | D:7      | Reached skill level 5 in Spellcasting
  8432 | D:7      | Noticed a gargoyle
  8439 | D:7      | Killed a gargoyle
  8479 | D:7      | Noticed an unseen horror
  8482 | D:7      | Noticed a two-headed ogre
  8907 | D:7      | Reached XP level 10. HP: 46/49 MP: 15/19
  8907 | D:7      | Gained a life (1 life remaining)
  8928 | D:7      | Reached skill level 5 in Air Magic
  9086 | D:7      | Killed a two-headed ogre
  9187 | D:7      | Identified the +11 mace of Amorality {venom, rPois Str+3}
  9187 | D:7      | Identified the ring "Mips" {rPois rC+++ rN+ Int+4 Dex-5}
  9476 | D:7      | Found a stormy altar of Qazlal.
  9477 | D:7      | Found a shimmering altar of Xom.
  9481 | D:7      | Found a blossoming altar of Fedhas.
  9483 | D:7      | Found a hazy altar of Hepliaklqana.
  9484 | D:7      | Found a basalt altar of Yredelemnul.
  9485 | D:7      | Found a hide-covered altar of Uskayaw.
  9486 | D:7      | Found a radiant altar of Vehumet.
 10091 | D:8      | Reached ** piety under Kikubaaqudgha
 10175 | D:8      | You fall into a shaft and drop 3 floors!
 10186 | D:11     | Noticed Amaemon
 10187 | D:11     | Noticed an orange demon
 10195 | D:11     | Killed an orange demon
 10195 | D:11     | Killed Amaemon
 10200 | D:11     | Reached skill level 5 in Fighting
 10824 | D:10     | Entered Level 10 of the Dungeon
 10831 | D:10     | Found a bloodstained altar of Trog.
 11023 | D:8      | Reached XP level 11. HP: 43/56 MP: 10/21
 11392 | D:8      | Reached skill level 10 in Stealth
 12185 | D:9      | Reached *** piety under Kikubaaqudgha
 12185 | D:9      | Received a gift from Kikubaaqudgha
 13306 | D:10     | Reached skill level 10 in Dodging
 13327 | D:10     | Identified the serpent talisman of the Old World {Str+5
                  | Dex-5 Stlth-}
 13609 | D:10     | Noticed a two-headed ogre
 13620 | D:10     | Killed a two-headed ogre
 13829 | D:10     | Found a glowing silver altar of Zin.
 13833 | D:10     | Found an iron altar of Okawaru.
 14446 | D:11     | Found a staircase to the Lair.
 15012 | D:12     | Noticed a two-headed ogre
 15020 | D:12     | Killed a two-headed ogre
 15415 | D:12     | Found a staircase to the Orcish Mines.
 15587 | D:12     | Noticed a two-headed ogre
 15595 | D:12     | Killed a two-headed ogre
 15596 | D:12     | Reached skill level 1 in Necromancy
 15622 | Lair:1   | Entered Level 1 of the Lair of Beasts
 15631 | Lair:1   | Gained mutation: Your thick and shaggy fur keeps you warm.
                  | (AC +3, rC+) [Felid growth]
 15631 | Lair:1   | Reached XP level 12. HP: 44/63 MP: 9/25
 15960 | Lair:1   | Reached skill level 2 in Necromancy
 16025 | Lair:1   | Found a blossoming altar of Fedhas.
 16535 | Lair:1   | Reached **** piety under Kikubaaqudgha
 16763 | Lair:2   | Reached skill level 3 in Necromancy
 17054 | Lair:2   | Noticed a catoblepas
 17071 | Lair:2   | Killed a catoblepas
 17072 | Lair:2   | Reached skill level 4 in Necromancy
 17077 | Lair:2   | Learned a level 4 spell: Anguish
 17619 | Lair:2   | Found a hole to the Spider Nest.
 17664 | Lair:2   | Reached skill level 5 in Necromancy
 17793 | Lair:2   | Noticed a six-headed hydra
 17803 | Lair:2   | Killed a six-headed hydra
 17804 | Lair:2   | Reached skill level 10 in Summonings
 18532 | Lair:2   | Noticed a seven-headed hydra
 18535 | Lair:2   | Reached skill level 6 in Necromancy
 18538 | Lair:2   | Killed a seven-headed hydra
 18725 | Lair:2   | Noticed a boulder beetle
 18734 | Lair:2   | Killed a boulder beetle
 18860 | Lair:2   | Noticed a seven-headed hydra
 18860 | Lair:2   | Noticed a death yak
 18860 | Lair:2   | Noticed a death yak
 19102 | Lair:2   | Reached skill level 10 in Spellcasting
 19102 | Lair:2   | Reached XP level 13. HP: 69/69 MP: 23/28
 19102 | Lair:2   | Gained a life (2 lives remaining)
 19136 | Lair:2   | Reached skill level 7 in Necromancy
 20093 | Lair:3   | Reached skill level 8 in Necromancy
 20491 | Lair:3   | Found a staircase to the Shoals.
 21120 | Lair:4   | Reached ***** piety under Kikubaaqudgha
 21215 | Lair:4   | Found a staircase to the Slime Pits.
 21266 | Lair:4   | Noticed Josephine
 21283 | Lair:4   | Killed Josephine
 21284 | Lair:4   | Reached skill level 9 in Necromancy
 21893 | Lair:4   | Reached skill level 10 in Fighting
 21906 | Lair:4   | Reached skill level 10 in Necromancy
 22683 | Lair:5   | Entered Level 5 of the Lair of Beasts
 23385 | Lair:5   | Reached XP level 14. HP: 77/77 MP: 22/30
 23482 | Lair:5   | Reached skill level 11 in Necromancy
 23887 | Lair:5   | Learned a level 7 spell: Haunt
 24611 | Lair:5   | Found a large runed translucent door.
 24819 | Lair:5   | Found a large runed translucent door.
 25346 | Orc:1    | Entered Level 1 of the Orcish Mines
 25378 | Orc:1    | Reached ****** piety under Kikubaaqudgha
 25788 | Orc:1    | Found a bloodstained altar of Trog.
 25971 | Orc:2    | Entered Level 2 of the Orcish Mines
 25971 | Orc:2    | Found a gate leading to a gauntlet.
 26016 | Orc:2    | Found a staircase to the Elven Halls.
 26705 | D:13     | Reached skill level 12 in Necromancy
 28619 | D:14     | Found a gate to the Vaults.
 28752 | D:14     | Reached skill level 13 in Necromancy
 28830 | D:14     | Found a portal to a secret trove of treasure.
 28892 | D:15     | Entered Level 15 of the Dungeon
 28964 | D:15     | Reached XP level 15. HP: 62/80 MP: 15/32
 29170 | D:15     | Found the +7 great mace "Undeadhunter" {deathbane, rN+}
 29932 | D:15     | Found a staircase to the Depths.
 29932 | D:15     | Noticed a frost giant
 29958 | D:15     | Killed a frost giant
 30193 | D:15     | Reached skill level 14 in Necromancy
 30773 | D:15     | Slain by a swamp worm
 30773 | D:15     | Lost a life (1 life remaining)
 30828 | D:15     | Slain by a red ugly thing
 30828 | D:15     | Lost a life (0 lives remaining)
 31679 | Orc:1    | Received a gift from Kikubaaqudgha (forbidden knowledge)
 31994 | Orc:2    | Reached skill level 15 in Necromancy
 33473 | Orc:2    | Found Huomn's Antique Armour Emporium.
 33473 | Orc:2    | Found Rofoesa's Jewellery Shoppe.
 33476 | Orc:2    | Found Ritzout's Assorted Antiques.
 33478 | Orc:2    | Found Meor's Book Emporium.
 33483 | Orc:2    | Bought a ring of wizardry for 480 gold pieces
 33504 | Orc:2    | Bought a scroll of teleportation for 99 gold pieces
 34025 | Lair:2   | Learned a level 4 spell: Animate Dead
 34027 | Spider:1 | Entered Level 1 of the Spider Nest
 34027 | Spider:1 | Noticed an emperor scorpion
 34036 | Spider:1 | HP: 1/120 [wolf spider (8)]
 34036 | Spider:1 | Slain by a redback

Illustrated notes

Levels and vault maps discovered:
D:1:      beargit_arrival_diablo_church, layout_basic
D:2:      layout_basic, uniq_sigmund, uniq_robin
D:3:      layout_basic, mainiacjoe_overflow_concentric_impassable
D:4:      layout_loops_ring, serial_shops, shop
D:5:      layout_layer_cave, minmay_temple_entry_grid, uniq_pikel,
          uniq_crazy_yiuf_cottage
D:6:      cheibrodos_quashed, layout_basic, serial_corexii_hall,
          chequers_hall_statues_corner_a, chequers_hall_statues_corner_a
D:7:      minmay_the_grid_plus_closed [minmay_the_grid_pillar_ring,
          minmay_the_grid_minigrid_medium, minmay_the_grid_plusring,
          minmay_the_grid_tree, minmay_the_grid_prize_shrinking_boxes],
          layout_loops_cross, minitemple
D:8:      layout_loops_cross
D:9:      layout_basic
D:10:     layout_stronghold, grunt_temple_overflow_open, general_overflow_altar
D:11:     layout_loops_ring, david_lair_shrubbed, portal_ice_cave_demonic_guard,
          uniq_amaemon
D:12:     layout_cave_pools, orc_0_dummy
D:13:     layout_cave_pools
D:14:     layout_roguey, hellmonk_vaults_keyhole, kennysheep_cluttered_room,
          nicolae_trove_entry_columns
D:15:     grunt_enter_depths_snipers, layout_cave_pods, worms_lemuel
Temple:   minmay_freezing_vapour_temple
Lair:1:   layout_cellular_growth, hangedman_tree_tricks
Lair:2:   nzn_winding_woodlands_stair_trap
          [nzn_winding_woodlands_5x15_pathside_ponds,
          nzn_winding_woodlands_5x15_pool, nzn_winding_woodlands_5x15_pockets,
          nzn_winding_woodlands_15x15_killbox,
          nzn_winding_woodlands_5x15_jagged,
          nzn_winding_woodlands_5x15_sidewinder,
          nzn_winding_woodlands_5x15_river_crossing], layout_gridlike,
          nicolae_spider_entry_lesser_pyramids, pdpol_lair_cavern_descent
Lair:3:   layout_cave_pods, nicolae_shoals_entry_roost, minivault_11,
          kilobyte_rumbling_trees, lemuel_fruit_fields
Lair:4:   layout_cave_pods, slime_entry_1, serial_forest,
          infiniplex_forest_lined_3, infiniplex_forest_straight_3,
          infiniplex_forest_zigzag_1, infiniplex_forest_end_1,
          infiniplex_forest_zigzag_1, infiniplex_forest_clump_C,
          infiniplex_forest_straight_2, infiniplex_staircase_pool_2,
          lemuel_fruit_fields, uniq_josephine
Lair:5:   cheibrodos_lair_end_hotspot, layout_long_grid, kennysheep_rathole
Spider:1: layout_cave_pods, nicolae_spider_moth_buddies,
          hangedman_spider_tarantella_strand
Orc:1:    layout_caves, trog_butcher_becter
Orc:2:    st_orc_mages, layout_caves, gauntlet_entry_generic

Skill      XL: |  1  2  3  4  5  6  7  8  9 10 11 12 13 14 15 |
---------------+----------------------------------------------+-----
Stealth        | 3 4 5 6 7 8 9 10 | 10.0
Dodging        | 3 4 5 6 7 9 10 | 10.0
Spellcasting   | 3 4 5 6 8 10 11 12 | 12.2
Summonings     | 5 6 7 9 10 12 | 12.0
Fire Magic     | 2 3 4 5 |  5.0
Air Magic      | 1 3 4 6 7 |  7.0
Fighting       | 2 3 5 7 8 10 | 10.0
Necromancy     | 1 6 10 13 15 | 15.4

Action                     |  1- 3 |  4- 6 |  7- 9 | 10-12 | 13-15 || total
---------------------------+-------+-------+-------+-------+-------++-------
  Melee: Unarmed           |    12 |    15 |     6 |    93 |    84 ||   210
         Bite              |     2 |       |     4 |    11 |    16 ||    33
         Punch             |       |     1 |       |     3 |     3 ||     7
   Cast: Summon Small Mamm |    36 |    26 |    18 |    14 |     5 ||    99
         Call Imp          |    14 |    14 |    15 |    14 |    13 ||    70
         Call Canine Famil |     4 |    10 |     8 |    24 |    21 ||    67
         Summon Blazeheart |       |     3 |    27 |    84 |   114 ||   228
         Summon Lightning  |       |       |     3 |    27 |   121 ||   151
         Anguish           |       |       |       |       |    98 ||    98
         Animate Dead      |       |       |       |       |     1 ||     1
 Invoke: Unearth Wretches  |       |       |       |       |     3 ||     3
         Receive Forbidden |       |       |       |       |     1 ||     1
  Evoke: Wand              |       |       |     1 |    15 |    11 ||    27
    Use: Potion            |     4 |     2 |       |     1 |     7 ||    14
         Scroll            |     3 |     4 |     6 |    13 |    14 ||    40
   Stab: Sleeping          |       |     6 |       |     4 |     1 ||    11
         Paralysed         |       |       |       |     2 |     1 ||     3
         Distracted        |       |       |       |     5 |     3 ||     8
 Armour: Skin              |    12 |    16 |    17 |    89 |   164 ||   298
  Dodge: Dodged            |    26 |    27 |    48 |   255 |   442 ||   798
